 Dungeon Crawl Stone Soup version 0.23-a0-681-g26ad783 (webtiles) character file.

14 Bwemp the Sneak (level 2, -1/22 HPs)
             Began as a Demonspawn Wanderer on Jan 10, 2019.
             Slain by an orc
             ... wielding a +0 club
              (6 damage)
             ... on level 3 of the Dungeon.
             The game lasted 00:02:09 (826 turns).

Bwemp the Sneak (Demonspawn Wanderer)                Turns: 826, Time: 00:02:10

Health: -1/22      AC:  4    Str: 13    XL:     2   Next: 31%
Magic:  1/5        EV: 11    Int: 12    God:
Gold:   18         SH:  0    Dex: 12    Spells: 0/5 levels left

rFire    . . .     SeeInvis .   h - +0 whip
rCold    . . .     Gourm    .   (no shield)
rNeg     . . .     Faith    .   d - +0 robe
rPois    .         Spirit   .   (no helmet)
rElec    .         Reflect  .   (no cloak)
rCorr    .         Harm     .   (no gloves)
MR       .....                  (no boots)
Stlth    ++........             (no amulet)
HPRegen  0.07/turn              (no ring)
MPRegen  0.09/turn              (no ring)

@: very slightly contaminated
A: slimy green scales 1
a: no special abilities


You were on level 3 of the Dungeon.
You were not hungry.

You visited 1 branch of the dungeon, and saw 3 of its levels.

You collected 18 gold pieces.

Inventory:

Hand Weapons
 h - a +0 whip (weapon)
Missiles
 a - 20 stones (quivered)
Armour
 d - a +0 robe (worn)
Scrolls
 i - a scroll of identify {unknown}
Potions
 b - 2 potions of lignification
 c - a potion of curing
 e - a potion of ambrosia {unknown}
Comestibles
 g - 2 rations


   Skills:
 - Level 2.0 Fighting
   Level 1.0 Staves
 - Level 2.8 Stealth
 + Level 2.1 Spellcasting
   Level 1.0 Charms
 - Level 1.0 Summonings
   Level 1.0 Evocations


You couldn't memorise any spells.
You knew the following spells:

 Your Spells              Type           Power        Failure   Level  Hunger
a - Magic Dart            Conj           #...         26%         1    ##.....
b - Call Imp              Summ           #.......     26%         2    ###....
c - Blink                 Tloc           N/A          38%         2    ###....

Your spell library contained the following spells:

 Spells                   Type           Power        Failure   Level  Hunger
 Slow                     Hex            #.......     38%         2    ###....
 Conjure Flame            Conj/Fire      #.......     63%         3    ####...
 Mephitic Cloud           Conj/Pois/Air  #.......     63%         3    ####...


Dungeon Overview and Level Annotations

Branches:
Dungeon (3/15)

Altars:
Nemelex Xobeh

Annotations:
D:2 Robin


Innate Abilities, Weirdness & Mutations

You are partially covered in slimy green scales. (AC +2)


Message History

Unknown command.
You hit the orc.
You kill the orc!
The orc hits you but does no damage. The orc barely misses you.
Your crimson imp disappears in a puff of smoke!
The orc completely misses you. The orc hits you with a +0 dagger.
Things that are here:
a +0 club; a +0 ring mail Unknown command.
You barely miss the orc.
The orc is moderately wounded.
The orc barely misses you. x2
You barely miss the orc.
The orc is moderately wounded.
The orc closely misses you. The orc hits you with a +0 dagger.
* * * LOW HITPOINT WARNING * * *
You hit the orc.
The orc is heavily wounded.
The orc hits you with a +0 club.
You die...

###
##.#####
#o@o...#
#......#
#......#
#.......#
#.......#
#.......#
#.......#
........#
#.........


You could see 2 orcs.

Vanquished Creatures
  A leopard gecko (D:2)
  An orc (D:3)
  A ball python (D:1)
  A bat (D:2)
  A goblin (D:2)
  3 kobolds (D:1)
  A rat (D:1)
9 creatures vanquished.

Vanquished Creatures (collateral kills)
  An orc (D:3)
1 creature vanquished.

Grand Total: 10 creatures vanquished

Notes
Turn   | Place    | Note
-------+----------+-------------------------------------------
     0 | D:1      | Bwemp the Demonspawn Wanderer began the quest for the Orb.
     0 | D:1      | Bwemp set off with the following items: a potion of
                  | lignification, a potion of curing, a +0 robe, a +0 club, a
                  | +0 dagger, a ration; and the following spell memorised:
                  | Magic Dart; and the following spells available to memorise:
                  | Call Imp, Blink, Slow, Conjure Flame, Mephitic Cloud
     0 | D:1      | Reached XP level 1. HP: 16/16 MP: 2/2
   528 | D:2      | Found a sparkling altar of Nemelex Xobeh.
   580 | D:2      | Gained mutation: You are partially covered in slimy green
                  | scales. (AC +2) [demonic ancestry]
   580 | D:2      | Reached XP level 2. HP: 12/22 MP: 0/4
   783 | D:2      | Learned a level 2 spell: Call Imp
   786 | D:2      | Learned a level 2 spell: Blink
   798 | D:2      | Noticed Robin
   826 | D:3      | Slain by an orc

Vault maps used:
D:1:      lemuel_arrival_hallway
D:2:      minmay_diamond_boxcup, nicolae_overflow_crystal_walls,
          kennysheep_okawaru_gauntlet, uniq_robin, uniq_crazy_yiuf_cottage

Skill      XL: |  1  2 |
---------------+-------+-----
Spellcasting   | 2 |  2.1
Fighting       | |  2.0
Staves         | |  1.0
Stealth        | |  2.8
Charms         | |  1.0
Summonings     | |  1.0
Evocations     | |  1.0

Action                   || total
-------------------------++-------
Melee: Whip              ||    25
       Dagger            ||    16
 Cast: Magic Dart        ||    11
       Call Imp          ||     1
Armor: Robe              ||    15
Dodge: Dodged            ||    46

Table legend:
 A = Non-vault XP
 B = Vault XP
 C = Vault XP percentage of total XP
 D = Non-vault monster count
 E = Vault monster count
 F = Vault count percentage of total count
                 A         B        C        D         E       F
            +---------+---------+-------+---------+---------+-------
      Total |      21 |       0 |   0.0 |      10 |       0 |   0.0
            +---------+---------+-------+---------+---------+-------
        D:1 |       9 |       0 |   0.0 |       5 |       0 |   0.0
        D:2 |       7 |       0 |   0.0 |       3 |       0 |   0.0
        D:3 |       5 |       0 |   0.0 |       2 |       0 |   0.0
            +---------+---------+-------+---------+---------+-------
